 Dungeon Crawl Stone Soup version 0.19-a0-944-gb338e1e (webtiles) character file.

135301 mistymad the Markscentaur (level 16, -4/139 HPs)
             Began as a Centaur Hunter on July 9, 2016.
             Was the Champion of Fedhas.
             Slain by a tentacled monstrosity (7 damage)
             ... on level 4 of the Swamp.
             The game lasted 03:39:48 (54156 turns).

mistymad the Markscentaur (Centaur Hunter)         Turns: 54156, Time: 03:39:49

Health: -4/139     AC: 24    Str: 23    XL:     16   Next: 64%
Magic:  0/22       EV:  8    Int: 10    God:    Fedhas [******]
Gold:   646        SH:  0    Dex: 16    Spells: 1 memorised, 14 levels left

rFire  + + .     SeeInvis .     q - +0 longbow
rCold  . . .     Gourm    .     x - +1 scale mail of Honour {rPois rF+ MR+ Str+3}
rNeg   . . .     Faith    .     (shield currently unavailable)
rPois  +         Spirit   +     U - +2 helmet
rElec  +         Dismiss  .     v - +1 cloak
rCorr  .         Reflect  .     X - +1 pair of gloves
SustAt .         Harm     .     L - +0 centaur barding
MR     ++...     Clarity  +     J - amulet of Ysuetsez {Spirit rElec Str+4}
Stlth  ..........               (no ring)
                                (no ring)

@: about to teleport, constricted, very quick, very resistant to hostile
enchantments, extremely unstealthy
A: hooves 3, repulsion field 1, yellow scales 1, clarity, deformed body, fire
resistance 1, speed 2, low mp 1, slow regeneration 1, tough skin 3, wild magic 1
a: Evolution, Sunlight, Growth, Reproduction, Rain, Renounce Religion


You were on level 4 of the Swamp.
You worshipped Fedhas.
Fedhas was exalted by your worship.
You were not hungry.

You visited 6 branches of the dungeon, and saw 28 of its levels.

You collected 2437 gold pieces.
You spent 1791 gold pieces at shops.

Inventory:

Hand Weapons
 e - a +2 great sword
 q - a +0 longbow (weapon)
 N - a +0 shortbow of freezing
Missiles
 d - 322 arrows (quivered)
Armour
 v - a +1 cloak (worn)
 x - the +1 scale mail of Honour (worn) {rPois rF+ MR+ Str+3}
   (You bought it in a shop on level 2 of the Orcish Mines)

   It affects your strength (+3).
   It protects you from fire.
   It protects you from poison.
   It affects your resistance to hostile enchantments.
 z - a +2 ring mail of magic resistance
 B - a +3 leather armour of cold resistance
 L - a +0 centaur barding (worn)
 U - a +2 helmet (worn)
 X - a +1 pair of gloves (worn)
Jewellery
 J - the amulet of Ysuetsez (around neck) {Spirit rElec Str+4}
   (You found it on level 9 of the Dungeon)

   [amulet of guardian spirit]

   It causes incoming damage to be split between your health and magic.
   It affects your strength (+4).
   It insulates you from electricity.
Wands
 l - a wand of iceblast (7/15)
 o - a wand of iceblast (10/15)
 y - a wand of confusion (31/48)
 D - a wand of polymorph (11/24)
 K - a wand of slowing (10/48)
 Y - a wand of confusion (13/48)
Scrolls
 c - 6 scrolls of fog
 g - 5 scrolls of enchant weapon
 h - 4 scrolls of magic mapping
 j - 6 scrolls of remove curse
 m - 6 scrolls of teleportation
 p - 6 scrolls of recharging
 r - 2 scrolls of summoning
 s - 10 scrolls of identify
 H - 3 scrolls of enchant armour
 M - 2 scrolls of amnesia
 O - 4 scrolls of immolation
 P - 2 scrolls of vulnerability
Potions
 a - a potion of cure mutation
 i - 2 potions of curing
 k - 6 potions of agility
 t - a potion of cancellation
 w - a potion of might
 A - 3 potions of magic
 C - 2 potions of brilliance
 E - 3 potions of haste
 F - a potion of flight
 G - 8 potions of mutation
 I - 10 potions of lignification
 R - 3 potions of beneficial mutation
 S - a potion of berserk rage
 W - a potion of heal wounds
Miscellaneous
 u - a box of beasts
Comestibles
 b - 12 royal jellies
 f - 17 bread rations
 n - 15 fruits
 Q - 5 beef jerkies
 V - a slice of pizza


   Skills:
 + Level 11.7 Fighting
 + Level 14.9 Long Blades
 - Level 20.0 Bows
 + Level 6.9 Armour
 - Level 5.2 Dodging
 - Level 0.5 Stealth
 - Level 8.0 Summonings
 - Level 11.5 Invocations


You had 14 spell levels left.
You knew the following spells:

 Your Spells              Type           Power        Failure   Level  Hunger
a - Summon Butterflies    Summ           ###.....     6%          1    ##.....


Dungeon Overview and Level Annotations

Branches:
Dungeon (14/15)            Temple (1/1) D:4            Lair (6/6) D:11
  Swamp (4/4) Lair:2       Spider (1/4) Lair:2        Slime (0/5) Lair:6
    Orc (2/2) D:9             Elf (0/3) Orc:2        Vaults (0/5) D:14

Altars:
Ashenzari
Cheibriados
Dithmenos
Elyvilon
Fedhas
Gozag
Hepliaklqana
Kikubaaqudgha
Makhleb
Nemelex Xobeh
Okawaru
Pakellas
Qazlal
Ru
Sif Muna
Trog
Uskayaw
Vehumet
Xom
Yredelemnul
Zin
The Shining One
Beogh
Jiyva

Shops:
D:5 ?   D:11 *   Orc:1 }   Orc:2 %[[?

Annotations:
D:10 exclusion: 2 doors
Swamp:1 1 exclusion


Innate Abilities, Weirdness & Mutations

You have hooves in place of feet.
Armour fits poorly on your strangely shaped body.
You cover ground very quickly.
You have extremely tough skin. (AC +3)
You are surrounded by a mild repulsion field. (EV +2)
You are partially covered in yellow scales. (AC +2)
You possess an exceptional clarity of mind.
Your flesh is heat resistant. (rF+)
Your magical capacity is low. (-10% MP)
You regenerate slowly when monsters are visible.
Your spells are a little harder to cast, but a little more powerful.


Message History

The tentacled monstrosity closely misses you.
* * * LOW HITPOINT WARNING * * *
The tentacled monstrosity constricts you.
The bog body moves out of view.
The eight-headed hydra bites you.
* * * LOW HITPOINT WARNING * * *
The eight-headed hydra bites you.
* * * LOW HITPOINT WARNING * * *
The eight-headed hydra bites you but does no damage.
The eight-headed hydra bites you!
* * * LOW HITPOINT WARNING * * *
The eight-headed hydra closely misses you.
The eight-headed hydra bites you but does no damage.
The eight-headed hydra barely misses you.
The eight-headed hydra bites you but does no damage.
You take 18 damage, and have 2/139 hp.
You now have 1/22 mp.
Okay, then.
The tentacled monstrosity tentacle-slaps you but does no damage. x2
The tentacled monstrosity tentacle-slaps you!
You die...
Fedhas appreciates your contribution to the ecosystem.

♣♣♣.≈≈≈≈..≈.♣.≈.≈.≈♣♣♣..♣.≈≈
♣.≈.≈≈≈≈.≈≈≈(..♣♣≈..♣*♣♣♣*♣. ♣♣♣
♣.≈≈§≈≈≈≈≈≈≈(...♣♣♣♣♣ *♣
♣≈♣♣♣♣.(....≈≈≈♣♣((≈≈♣♣♣≈♣♣
..≈..≈...♣♣♣♣♣♣♣♣(≈≈..≈≈≈≈♣
≈≈≈≈.♣♣♣♣♣ ♣♣♣♣(≈≈.≈≈≈≈.♣ ♣♣♣♣♣
≈≈≈≈..≈.♣ ♣≈≈((≈≈)≈≈≈.♣♣♣♣≈.≈.
≈≈≈≈≈≈≈.♣♣♣ ♣♣≈§XD≈≈≈≈≈≈.♣≈≈≈≈≈≈≈
≈≈≈≈≈≈.X≈≈♣♣♣§..@.≈≈≈...≈..≈≈≈≈≈≈
.≈..≈≈≈....♣♣♣♣♣♣.≈≈.<♣♣..≈≈≈≈≈≈≈
.♣♣≈≈≈≈≈≈≈...§(..[≈≈.≈♣♣♣♣..≈.≈≈≈
≈♣♣♣♣≈.≈≈≈≈....≈≈≈≈≈.♣♣ ♣..≈..≈≈
≈,* ♣≈≈≈≈≈≈≈.≈≈≈≈≈≈≈§♣**♣♣..♣♣♣♣♣
,***♣.≈≈≈≈≈§≈≈≈≈≈(≈≈≈≈.♣♣≈≈.♣♣♣.♣
***♣≈.≈≈≈≈≈≈≈≈≈≈≈≈≈≈≈.≈≈♣♣♣..♣≈..
,≈≈≈≈.≈≈≈≈≈≈≈≈.≈≈≈≈≈≈≈≈≈♣*♣..♣...
,≈≈≈≈.≈≈≈≈≈.§≈.≈≈≈≈≈≈≈≈≈.*♣...≈≈.


You could see a tentacled monstrosity and an eight-headed hydra.

Vanquished Creatures
  Frances (D:12)
  A sphinx (D:12)
  An orc warlord (Orc:2)
  The ghost of tstbtto the Fencer, a journeyman MiFi of Okawaru (Lair:6)
  A dire elephant (Lair:6)
  A ghost crab (Swamp:3)
  17 hydras
  An anaconda (Swamp:4)
  A catoblepas (Lair:6)
  Erica (D:8)
  3 centaur warriors
  9 death yaks
  2 ogre magi (Orc:2)
  A deep troll earth mage (D:13)
  11 alligators
  A deep troll shaman (Lair:6)
  4 tengu warriors (D:13)
  Urug (Lair:4)
  A fire crab (shapeshifter) (D:14)
  2 spriggan druids (Swamp:4)
  2 deep trolls
  6 hill giants
  A deep elf archer (Orc:2)
  7 swamp dragons
  A wizard (D:14)
  11 ugly things
  2 wolf spiders
  2 orb spiders
  7 cyclopes
  2 orc sorcerers (Orc:1)
  A hornet (Swamp:3)
  2 griffons (Lair:6)
  4 manticores
  17 elephants
  A deep elf mage (D:13)
  A moth of wrath (Spider:1)
  5 black mambas
  7 spiny frogs
  A gargoyle (D:14)
  8 komodo dragons
  2 rime drakes
  A kobold demonologist (D:11)
  A tengu conjurer (D:13)
  A jumping spider (Lair:2)
  14 trolls
  A queen bee (D:10)
  2 polar bears
  7 giant leeches
  22 slime creatures
  4 bog bodies
  10 two-headed ogres
  2 boulder beetles
  Prince Ribbit (D:7)
  17 blink frogs
  2 spriggans (Swamp:3)
  25 flying skulls
  12 redbacks
  4 vampires (D:14)
  5 wraiths
  A shadow (Swamp:2)
  A tarantella (Spider:1)
  2 basilisks
  46 yaks
  6 wyverns
  Eustachio (D:6)
  13 hippogriffs
  Menkaure (D:6)
  3 insubstantial wisps (Swamp:4)
  11 vampire mosquitoes
  2 hungry ghosts
  2 wargs (Orc:2)
  21 swamp worms
  16 water moccasins
  A soldier ant (D:13)
  Duvessa (D:6)
  9 porcupines
  18 orc warriors
  2 hell hounds (D:11)
  7 swamp drakes
  7 wasps
  4 sky beasts
  3 ice beasts
  The ghost of tstbtto the Slasher, an amateur MiFi (D:3)
  2 black bears
  A phantom (D:5)
  30 ogres
  9 centaurs
  23 wolves
  7 crocodiles
  23 giant frogs
  Dowan (D:5)
  A wyvern skeleton (D:13)
  4 elf skeletons (D:6)
  A water moccasin skeleton (D:6)
  9 wights
  33 killer bees
  6 scorpions
  An electric eel (Lair:5)
  4 howler monkeys
  9 crimson imps
  3 jellies
  5 hounds
  Crazy Yiuf (D:6)
  16 orc priests
  9 centaur skeletons
  22 orc wizards
  5 giant frog skeletons
  6 human skeletons
  6 iguanas
  7 worker ants
  32 sheep
  3 hound skeletons
  4 gnolls (Orc:1)
  33 river rats
  21 adders
  3 shadow imps
  2 oozes (D:2)
  4 adder skeletons
  An adder zombie (D:9)
  3 worms (D:2)
  5 dart slugs
  7 giant geckos
  81 orcs
  6 ball pythons
  4 giant cockroaches
  8 goblins
  10 hobgoblins
  8 jackals
  5 kobolds
  7 quokkas
  4 bats
  A giant cockroach zombie (D:5)
  3 giant newts (D:3)
  8 rats
  A giant spore (Lair:6)
969 creatures vanquished.

Vanquished Creatures (collateral kills)
  3 giant spores (Lair:6)
3 creatures vanquished.

Vanquished Creatures (others)
  4 hydras
  2 ghost crabs
  An alligator (Swamp:2)
  2 swamp dragons
  4 shambling mangroves
  2 hornets
  A spiny frog (Swamp:1)
  10 slime creatures
  A shadow (Swamp:1)
  5 vampire mosquitoes (Swamp:1)
  A swamp worm (Swamp:1)
  3 wasps (Swamp:1)
  2 worker ant zombies
  An adder (Swamp:4)
  A giant gecko (D:3)
  An orc (Orc:1)
  A ball python (Swamp:4)
  A ballistomycete (Lair:6)
  20 fungi
  2 giant spores (Lair:6)
  3 plants
  542 toadstools
610 creatures vanquished.

Grand Total: 1582 creatures vanquished

Notes
Turn   | Place    | Note
-------+----------+-------------------------------------------
     0 | D:1      | mistymad the Centaur Hunter began the quest for the Orb.
     0 | D:1      | Reached XP level 1. HP: 17/17 MP: 1/1
   111 | D:1      | Reached XP level 2. HP: 20/25 MP: 2/2
   639 | D:1      | Reached skill level 6 in Bows
   924 | D:2      | Reached XP level 3. HP: 19/30 MP: 3/3
  1067 | D:2      | Found an oddly glowing altar of Pakellas.
  1813 | D:2      | Reached XP level 4. HP: 26/38 MP: 4/4
  2305 | D:2      | Found a snail-covered altar of Cheibriados.
  2789 | D:3      | Reached skill level 7 in Bows
  2789 | D:3      | Reached XP level 5. HP: 44/46 MP: 3/5
  2906 | D:3      | Noticed tstbtto's ghost (amateur MiFi)
  3064 | D:3      | Noticed an ogre
  3121 | D:2      | Killed an ogre
  3121 | D:2      | Reached skill level 1 in Long Blades
  3324 | D:3      | Found a sparkling altar of Nemelex Xobeh.
  3869 | D:3      | Found a burning altar of Makhleb.
  3948 | D:3      | Reached XP level 6. HP: 49/53 MP: 6/6
  4361 | D:4      | Reached skill level 5 in Fighting
  4675 | D:4      | Found a staircase to the Ecumenical Temple.
  4683 | Temple   | Entered the Ecumenical Temple
  5175 | D:4      | Reached XP level 7. HP: 61/61 MP: 7/7
  5683 | D:5      | Entered Level 5 of the Dungeon
  5774 | D:5      | Found a radiant altar of Vehumet.
  5907 | D:5      | Found an ancient bone altar of Kikubaaqudgha.
  5908 | D:5      | Found a deep blue altar of Sif Muna.
  5912 | D:5      | Identified Sif Muna's Guide on Summoning
  5970 | D:5      | Found Saanueg's Magic Scroll Emporium.
  5996 | D:5      | Found a blossoming altar of Fedhas.
  6004 | D:5      | Became a worshipper of Fedhas Madash
  6170 | D:5      | Found a bloodstained altar of Trog.
  6230 | D:5      | Reached skill level 8 in Bows
  6897 | D:6      | Reached XP level 8. HP: 64/71 MP: 6/8
  7046 | D:6      | Noticed Menkaure
  7435 | D:6      | Noticed Duvessa
  7435 | D:6      | Noticed Dowan
  7504 | D:6      | Killed Menkaure
  7504 | D:6      | Reached skill level 9 in Bows
  7600 | D:6      | Reached skill level 5 in Long Blades
  7693 | D:6      | Noticed Eustachio
  8231 | D:6      | Reached skill level 10 in Bows
  8263 | D:6      | Killed Duvessa
  8263 | D:6      | Reached XP level 9. HP: 51/80 MP: 6/9
  8446 | D:5      | Killed Dowan
  8513 | D:6      | Killed Eustachio
  8612 | D:6      | Reached * piety under Fedhas
  8755 | D:6      | Got an encrusted chain mail
  8766 | D:6      | Identified the +7 chain mail of Atheheck {Str+2} (You found it on level 6 of the Dungeon)
  8898 | D:6      | Found a runed door.
  8902 | D:6      | Noticed Crazy Yiuf
  8917 | D:6      | Killed Crazy Yiuf
  9195 | D:7      | Found a shadowy altar of Dithmenos.
  9680 | D:7      | Noticed Prince Ribbit
  9699 | D:7      | Killed Prince Ribbit
  9699 | D:7      | Reached skill level 11 in Bows
 10105 | D:8      | Found a white marble altar of Elyvilon.
 10120 | D:8      | Reached ** piety under Fedhas
 10592 | D:8      | Noticed Erica
 10614 | D:8      | Killed Erica
 10614 | D:8      | Reached skill level 12 in Bows
 10614 | D:8      | Reached XP level 10. HP: 48/91 MP: 6/10
 11087 | D:8      | Found an opulent altar of Gozag.
 11378 | D:9      | Got a heavily runed bone amulet
 11380 | D:9      | Identified the amulet of Ysuetsez {Spirit rElec Str+4} (You found it on level 9 of the Dungeon)
 11417 | D:9      | Found a staircase to the Orcish Mines.
 12387 | Orc:1    | Entered Level 1 of the Orcish Mines
 12387 | Orc:1    | Noticed an orc sorcerer
 12398 | Orc:1    | Killed an orc sorcerer
 12398 | Orc:1    | Reached skill level 10 in Fighting
 12547 | Orc:1    | Reached *** piety under Fedhas
 12681 | Orc:2    | Entered Level 2 of the Orcish Mines
 13194 | Orc:2    | Reached skill level 13 in Bows
 13615 | D:10     | Entered Level 10 of the Dungeon
 14239 | D:10     | Reached XP level 11. HP: 99/101 MP: 11/11
 15210 | D:10     | Reached **** piety under Fedhas
 15292 | D:10     | Reached skill level 14 in Bows
 16144 | D:11     | Found a staircase to the Lair.
 16339 | D:11     | Reached skill level 1 in Armour
 16823 | D:11     | Reached skill level 10 in Long Blades
 16954 | D:11     | Found Kesch's Assorted Antiques.
 16961 | D:11     | Bought a viscous ruby potion for 20 gold pieces
 16961 | D:11     | Bought a scroll labeled HUQOMM FONGU for 23 gold pieces
 16961 | D:11     | Bought a scroll of identify for 46 gold pieces
 16969 | D:11     | Bought a metal-bound manual for 345 gold pieces
 16981 | D:11     | Learned a level 1 spell: Summon Butterflies
 17058 | D:11     | Noticed a brown ugly thing
 17080 | D:11     | Killed a brown ugly thing
 17406 | D:8      | Found a glowing golden altar of the Shining One.
 17480 | Lair:1   | Entered Level 1 of the Lair of Beasts
 17718 | Lair:1   | Reached ***** piety under Fedhas
 17863 | Lair:1   | Found an iron altar of Okawaru.
 18185 | Lair:1   | Reached XP level 12. HP: 38/107 MP: 5/12
 18834 | Lair:2   | Found a hole to the Spider Nest.
 19312 | Lair:2   | Noticed a seven-headed hydra
 19321 | Lair:2   | Killed a seven-headed hydra
 19351 | Lair:2   | Found a staircase to the Swamp.
 20434 | Lair:3   | Reached skill level 5 in Summonings
 21104 | Lair:3   | Noticed a four-headed hydra
 21116 | Lair:3   | Killed a four-headed hydra
 22182 | Lair:4   | Noticed Urug
 22216 | Lair:4   | Killed Urug
 23017 | Lair:4   | Noticed a six-headed hydra
 23063 | Lair:4   | Killed a six-headed hydra
 23063 | Lair:4   | Reached XP level 13. HP: 108/114 MP: 13/13
 23989 | Lair:4   | Reached skill level 5 in Dodging
 24477 | Lair:4   | Reached skill level 5 in Armour
 25070 | Lair:5   | Reached skill level 1 in Invocations
 26278 | Lair:5   | Reached skill level 5 in Invocations
 26964 | Lair:5   | Reached ****** piety under Fedhas
 27042 | Lair:6   | Entered Level 6 of the Lair of Beasts
 27735 | Lair:6   | Found a staircase to the Slime Pits.
 27737 | Lair:6   | Found a viscous altar of Jiyva.
 27742 | Lair:6   | Noticed tstbtto's ghost (journeyman MiFi)
 29020 | Lair:6   | Killed tstbtto's ghost
 29020 | Lair:6   | Reached XP level 14. HP: 74/122 MP: 16/21
 29229 | Lair:6   | Reached skill level 10 in Invocations
 30847 | D:3      | Killed tstbtto's ghost
 31363 | Orc:1    | You fall through a shaft!
 32930 | Orc:2    | Found Ryhuckad's Antique Armour Shoppe.
 32938 | Orc:2    | Found Qeqemopn's Food Shoppe.
 32978 | Orc:2    | Found Atsaqunn's Magic Scroll Shop.
 33017 | Orc:2    | Found Qetack's Armour Emporium.
 33430 | Orc:2    | Found a staircase to the Elven Halls.
 33432 | Orc:2    | Found a roughly hewn altar of Beogh.
 34241 | Orc:1    | Found Jucyl Iwn's Gadget Shoppe.
 34386 | Orc:1    | Noticed an orc warlord
 34927 | Orc:2    | Killed an orc warlord
 35186 | Orc:2    | Bought a pair of runed gloves for 117 gold pieces
 35186 | Orc:2    | Bought a warped leather armour for 182 gold pieces
 35186 | Orc:2    | Bought a bloodstained scale mail for 234 gold pieces
 35213 | Orc:2    | Identified the cursed +0 leather armour of Cheibriados's Regard {rElec rC+ Slay-6} (You bought it in a shop on level 2 of the Orcish Mines)
 35220 | Orc:2    | Identified the +1 scale mail of Honour {rPois rF+ MR+ Str+3} (You bought it in a shop on level 2 of the Orcish Mines)
 35252 | Orc:2    | Bought a steaming plate armour for 728 gold pieces
 35254 | Orc:2    | Identified the +0 plate armour "Loiqulor" {*Contam +Blink Str+3 Dex+7} (You bought it in a shop on level 2 of the Orcish Mines)
 35267 | Orc:2    | Bought a scroll of identify for 32 gold pieces
 35267 | Orc:2    | Bought a scroll of identify for 32 gold pieces
 35267 | Orc:2    | Bought a scroll of identify for 32 gold pieces
 35447 | Lair:5   | Got a twisted chain mail
 35448 | Lair:5   | Identified the +1 chain mail of the Wilderness {*Contam rElec rN+++ SInv} (You found it on level 5 of the Lair of Beasts)
 35564 | Swamp:1  | Entered Level 1 of the Swamp
 36518 | D:12     | Noticed Frances
 36540 | D:12     | Killed Frances
 36540 | D:12     | Reached skill level 15 in Bows
 36762 | D:12     | Gained mutation: Your spells are a little harder to cast, but a little more powerful. [mutagenic meat]
 36765 | D:12     | Gained mutation: You are agile. (Dex +2) [mutagenic meat]
 36771 | D:12     | Gained mutation: Your spells are harder to cast, but more powerful. [mutagenic meat]
 36774 | D:12     | Gained mutation: You occasionally shout uncontrollably at your foes. [mutagenic meat]
 36871 | D:12     | Gained mutation: Your flesh is heat resistant. (rF+) [mutagenic meat]
 36874 | D:12     | Gained mutation: You are partially covered in yellow scales. (AC +2) [mutagenic meat]
 37416 | D:12     | Reached XP level 15. HP: 125/128 MP: 21/23
 37859 | D:13     | Gained mutation: Your mind is acute. (Int +2) [mutagenic meat]
 38391 | D:13     | Found a shimmering altar of Xom.
 38392 | D:13     | Found a shimmering altar of Xom.
 38412 | D:13     | Found a shimmering altar of Xom.
 38413 | D:13     | Found a shimmering altar of Xom.
 38413 | D:13     | Found a shimmering altar of Xom.
 38414 | D:13     | Found a shimmering altar of Xom.
 38414 | D:13     | Found a shimmering altar of Xom.
 38509 | D:13     | Reached skill level 16 in Bows
 39064 | D:13     | Noticed a sphinx
 40623 | Spider:1 | Entered Level 1 of the Spider Nest
 40637 | Spider:1 | Reached skill level 17 in Bows
 42516 | Swamp:1  | Noticed a thorn hunter
 43066 | D:13     | Reached skill level 18 in Bows
 43473 | D:12     | Killed a sphinx
 44234 | D:14     | Lost mutation: You are agile. (Dex +2) [mutagenic meat]
 44237 | D:14     | Lost mutation: Your spells are harder to cast, but more powerful. [mutagenic meat]
 44240 | D:14     | Gained mutation: You evolve. [mutagenic meat]
 44243 | D:14     | Gained mutation: You possess an exceptional clarity of mind. [mutagenic meat]
 44246 | D:14     | Gained mutation: You are surrounded by a mild repulsion field. (EV +2) [mutagenic meat]
 44252 | D:14     | Lost mutation: Your mind is acute. (Int +2) [mutagenic meat]
 44635 | D:14     | Found a glowing golden altar of the Shining One.
 44741 | D:14     | Reached skill level 19 in Bows
 44911 | D:14     | Gained mutation: You regenerate slowly when monsters are visible. [mutagenic meat]
 44914 | D:14     | Gained mutation: Your magical capacity is low. (-10% MP) [mutagenic meat]
 45717 | D:14     | Found a gate to the Vaults.
 45985 | D:14     | Lost mutation: You occasionally shout uncontrollably at your foes. [evolution]
 45985 | D:14     | Lost mutation: You evolve. [end of evolution]
 46677 | Swamp:1  | Reached skill level 20 in Bows
 46689 | Swamp:1  | Reached XP level 16. HP: 107/135 MP: 19/22
 47889 | Swamp:2  | Got a translucent chain mail
 47890 | Swamp:2  | Identified the +3 chain mail of the Gate {*Contam rN++ Dex+8 Slay-2} (You found it on level 2 of the Swamp)
 50370 | Swamp:3  | Noticed a thorn hunter
 51411 | Swamp:3  | Noticed a thorn hunter
 51627 | Swamp:3  | Noticed a thorn hunter
 51648 | Swamp:4  | Entered Level 4 of the Swamp
 54100 | Swamp:4  | Noticed a tentacled monstrosity
 54155 | Swamp:4  | HP: 2/139 [eight-headed hydra (11)]
 54156 | Swamp:4  | Slain by a tentacled monstrosity

Vault maps used:
D:1:      ldierk_walled_garden
D:2:      overflow_temple_1_default, lemuel_coloured_pillars_altar
D:3:      marbit_many_paths, nemelex_altar_shiori, serial_glass,
          glass_columns_a, glass_columns_b
D:4:      hangedman_abyss_or_decor_stagger, kennysheep_nondescript
D:5:      grunt_temple_overflow_magic_moments, fedhas_altar_3,
          lightli_temple_of_fire, first_bread, serial_shops,
          nicolae_shop_waterfront
D:6:      nicolae_ossuary_entry_catacombs, st_stairs_14, uniq_menkaure,
          uniq_duvessa, uniq_crazy_yiuf_cottage, uniq_eustachio
D:7:      lemuel_doored_altar, uniq_prince_ribbit1
D:8:      nicolae_overflow_hidden_temple, uniq_erica
D:9:      orc_0_dummy
D:11:     minmay_lair_entry_lava, serial_shops, shop
D:12:     uniq_frances
D:13:     minmay_glassy_protrusions, xom_shifter_show
D:14:     lemuel_vampire_tower, david_vaults_4, tso_altar, grunt_ogre_cave
Temple:   dpeg_three_leaves_temple
Lair:1:   basic_altar, grunt_megastairs_5, infiniplex_staircase_pool
Lair:2:   swamp_mist, nicolae_spider_entry_orb_guardian
Lair:3:   grunt_megastairs_1, lemuel_fruit_fields, infiniplex_staircase_pool_2
Lair:4:   uniq_urug
Lair:6:   grunt_lair_end_beastmaster, slime_altar_1
Swamp:1:  cheibrodos_swamp_tower_of_moss, nicolae_swamp_treefoil,
          water_boxes_lemuel
Swamp:2:  hangedman_swamp_blocks
Swamp:3:  evilmike_swamp_ruin_house_6
Swamp:4:  swamp_alternative, swamp_pool3, nicolae_swamp_snake_nest
Spider:1: spider_trap
Orc:1:    lightli_volcano_entry_magma_tube, serial_shops,
          nicolae_shop_waterfront
Orc:2:    st_orc_open, basic_altar

Skill      XL: |  1  2  3  4  5  6  7  8  9 10 11 12 13 14 15 16 |
---------------+-------------------------------------------------+-----
Bows           | 6 7 8 10 12 13 14 15 20 | 20.0
Fighting       | 3 4 5 6 7 9 10 11 | 11.7
Long Blades    | 1 3 4 5 7 8 10 12 14 | 14.9
Armour         | 3 4 5 6 |  6.9
Dodging        | 3 4 5 |  5.2
Summonings     | 8 |  8.0
Invocations    | 9 11 | 11.5
Stealth        | |  0.5

Action                   |  1- 3 |  4- 6 |  7- 9 | 10-12 | 13-15 | 16-18 || total
-------------------------+-------+-------+-------+-------+-------+-------++-------
Melee: Short sword       |   113 |    46 |       |       |       |       ||   159
       Kick              |    24 |    41 |   164 |   280 |   771 |   177 ||  1457
       Glaive            |    10 |       |       |       |       |       ||    10
       Long sword        |       |   183 |   300 |       |       |       ||   483
       Falchion          |       |       |   256 |     8 |       |       ||   264
       Scimitar          |       |       |       |   800 |  1222 |       ||  2022
       Great sword       |       |       |       |       |   678 |   405 ||  1083
       Shortbow          |       |       |       |       |     1 |       ||     1
 Fire: Shortbow          |    13 |    32 |   183 |   527 |   885 |   242 ||  1882
       Longbow           |       |       |       |       |       |    88 ||    88
 Cast: Summon Butterflie |       |       |       |     1 |       |       ||     1
Invok: Sunlight          |       |       |       |       |     2 |       ||     2
       Reproduction      |       |       |       |       |     2 |       ||     2
Evoke: Wand              |       |       |       |     5 |       |       ||     5
  Use: Scroll            |       |    13 |     4 |    10 |    24 |     3 ||    54
       Potion            |       |       |       |     2 |     6 |     3 ||    11
 Stab: Petrified         |       |       |       |       |     2 |       ||     2
       Petrifying        |       |       |       |       |     1 |       ||     1
  Eat: Chunk             |     2 |     9 |    12 |    31 |    73 |    18 ||   145
       Pizza             |       |       |     2 |     2 |     1 |       ||     5
       Beef jerky        |       |       |       |     1 |     3 |     2 ||     6
       Meat ration       |       |       |       |       |     2 |       ||     2
Armor: Leather armour    |    46 |    73 |   183 |    33 |       |       ||   335
       Chain mail        |       |       |   201 |   638 |  1017 |       ||  1856
       Skin              |       |       |       |     2 |       |       ||     2
       Scale mail        |       |       |       |       |   627 |   333 ||   960
Dodge: Dodged            |    44 |   107 |   234 |   282 |   727 |   267 ||  1661
